 Dungeon Crawl Stone Soup version 0.27.0-1-g7a089689b8 (console) character file.

Game seed: 15910540455541536162

17 jejorda2 the Skirmisher (level 2, 0/33 HPs)
             Began as an Ogre Abyssal Knight on Aug 1, 2021.
             Was a Follower of Lugonu.
             Killed by nerve-wracking pain
             ... invoked by a shadow imp
             ... summoned by Natasha
              (2 damage)
             ... on level 2 of the Dungeon.
             The game lasted 00:01:31 (913 turns).

jejorda2 the Skirmisher (Ogre Abyssal Knight)        Turns: 913, Time: 00:01:32

Health: 0/33       AC:  3    Str: 15    XL:     2   Next: 62%
Magic:  3/3        EV:  9    Int: 13    God:    Lugonu [*.....]
Gold:   85         SH:  0    Dex:  8    Spells: 1/1 levels left

rFire    . . .     SeeInvis .   a - +1 falchion
rCold    . . .     Faith    .   (no shield)
rNeg     . . .     Spirit   .   b - +0 robe
rPois    .         Reflect  .   (helmet restricted)
rElec    .         Harm     .   (no cloak)
rCorr    .         Rampage  .   (gloves unavailable)
Will     .....                  (boots unavailable)
Stlth    +.........             (no amulet)
HPRegen  0.11/turn              (no ring)
MPRegen  0.08/turn              (no ring)

@: slowed, very slow
A: large, unfitting armour, tough skin 1
a: Renounce Religion, Depart the Abyss


You were on level 2 of the Dungeon.
You worshipped Lugonu.
Lugonu was aware of your devotion.
You visited 1 branch of the dungeon, and saw 2 of its levels.
You visited the Abyss 1 time.

You collected 85 gold pieces.

Inventory:

Hand Weapons
 a - a +1 falchion (weapon)
Missiles
 c - 15 stones (quivered)
Armour
 b - a +0 robe (worn)
Scrolls
 e - a scroll of blinking {unknown}
 f - a scroll of identify {unknown}
 g - a scroll of silence {unknown}
 k - a scroll of teleportation {unknown}
Potions
 d - a potion of heal wounds {unknown}
 h - a potion of lignification {unknown}
 i - a potion of haste {unknown}
 j - a potion of brilliance {unknown}


   Skills:
 + Level 4.4 Fighting
 * Level 2.5 Long Blades
 - Level 2.1 Dodging
 - Level 2.0 Invocations


You had one spell level left.
You didn't know any spells.
Your spell library was empty.

Dungeon Overview and Level Annotations

Branches:
Dungeon (2/15)

Altars:
Vehumet

Annotations:
D:2 Natasha


Innate Abilities, Weirdness & Mutations

You are too large for most types of armour.
You have tough skin. (AC +1)


Message History

Found 10 gold pieces and a smoky ruby potion.
You throw a stone. The stone barely misses the rat.
You throw a stone. The stone hits the rat.
You kill the rat!
Lugonu accepts your kill.
No target in view!
No target in view!
No target in view!
Natasha, Servant of Life and Death comes into view.
Natasha hisses angrily.
Natasha stares at you and mumbles some strange words.
The magic dart hits you!
There is an open door here.
Natasha stares at you and mumbles some strange words.
You feel yourself slow down.
You see here a stone.
Natasha mumbles some strange words.
Natasha claws you.
You closely miss Natasha. Natasha claws you. The shadow imp gestures at you.
Pain shoots through your body! Natasha claws you.
* * * LOW HITPOINT WARNING * * *
The shadow imp hits you.
* * * LOW HITPOINT WARNING * * *
You hit Natasha.
Natasha is moderately wounded.
Natasha claws you.
* * * LOW HITPOINT WARNING * * *
The shadow imp shouts, "Remove thy stench, thou peeagling hasty-witted bum-bailey!"
The shadow imp barely misses you. Natasha casts a spell at you.
You resist with significant effort.
The shadow imp hits you but does no damage.
You closely miss Natasha.
Natasha is moderately wounded.
Natasha claws you.
* * * LOW HITPOINT WARNING * * *
The shadow imp gestures at you. Pain shoots through your body!
You die...

.........###....#.##.######.
#.......## #.#.##.##.#
##.>...## #.###..##.#
##...######.# #.###.#
####......##.#######.#
......###.##.##...##.#
####..# #...##..(..###
##..###.###...h...#
###.......###..5@...#
.........†..#.......#
#.#......##.##$.(..##
#.#.._...##.###...##
#........##.).##'#######
........###.#...........
###..#.## #)#...........
#....####.#........... #
#.....)...####'#######


You could see Natasha and a shadow imp (summoned).

Vanquished Creatures
  A ball python (D:2)
  2 bats
  An endoplasm (D:1)
  A giant cockroach (D:1)
  3 goblins
  2 hobgoblins (D:1)
  A quokka (D:1)
  3 rats
14 creatures vanquished.

Notes
Turn   | Place    | Note
-------+----------+-------------------------------------------
     0 | Abyss:1  | jejorda2 the Ogre Abyssal Knight began the quest for the
                  | Orb.
     0 | Abyss:1  | Reached XP level 1. HP: 24/24 MP: 2/2
    10 | D:1      | Escaped the Abyss
   359 | D:1      | Reached XP level 2. HP: 30/32 MP: 3/3
   728 | D:2      | Found a radiant altar of Vehumet.
   906 | D:2      | Noticed Natasha
   913 | D:2      | Killed from afar by a shadow imp

Illustrated notes

Levels and vault maps discovered:
D:1:      saegor_arrival_simple_e, layout_loops_ring
D:2:      kennysheep_six_static_rooms, layout_loops_corners, serial_shops, shop,
          basic_altar, minivault_23, uniq_natasha

Skill      XL: |  1 |
---------------+----+-----
Long Blades    | 2 |  2.5
Fighting       | |  4.4
Dodging        | |  2.1
Invocations    | |  2.0

Action                   || total
-------------------------++-------
Melee: Falchion          ||    26
Throw: Stone             ||    41
Armor: Robe              ||     8
Dodge: Dodged            ||    12
       Rpst.: Falchion   ||     4
